 Dungeon Crawl Stone Soup version 0.30-a0-475-g03497ec522 (webtiles) character file.

Game seed: 16027181269455963633

461 zishaf the Gusty (level 7, 0/41 HPs)
             Began as a Tengu Air Elementalist on Dec 20, 2022.
             Was an Elder of Vehumet.
             Slain by an orc warrior
             ... wielding a +0 trident
              (8 damage)
             ... on level 5 of the Dungeon.
             The game lasted 00:07:17 (4163 turns).

zishaf the Gusty (Tengu Air Elementalist)           Turns: 4163, Time: 00:07:17

Health: 0/41       AC:  4    Str:  8    XL:     7   Next: 7%
Magic:  15/22      EV: 14    Int: 24    God:    Vehumet [****..]
Gold:   160        SH:  0    Dex: 14    Spells: 5/12 levels left

rFire   . . .      SeeInvis .    e - +1 short sword (chaos)
rCold   + . .      Faith    .    (no shield)
rNeg    . . .      Spirit   .    o - +1 leather armour {Will+}
rPois   +          Reflect  .    (helmet restricted)
rElec   .          Harm     .    (no cloak)
rCorr   .          Rampage  .    (no gloves)
Will    .....                    (boots unavailable)
Stlth   ++........               i - amulet of regeneration
HPRegen 1.06/turn                f - +6 ring of intelligence
MPRegen 0.18/turn                l - ring "Vostuju" {rPois rC+ Will- MP+9 Slay+4}

@: flying quickly and evasively, quick
A: beak, talons 3, nimble flight
a: Renounce Religion


You were on level 5 of the Dungeon.
You worshipped Vehumet.
Vehumet was greatly pleased with you.
You visited 1 branch of the dungeon, and saw 5 of its levels.
You also visited: Sewer.

You collected 193 gold pieces.
You spent 33 gold pieces at shops.

Inventory:

Hand Weapons
 e - a +1 short sword of chaos (weapon)
Armour
 a - a +0 robe
 o - a +1 leather armour of willpower (worn)
Jewellery
 f - a +6 ring of intelligence (left hand)
 i - an amulet of regeneration (around neck)
 l - the ring "Vostuju" (right hand) {rPois rC+ Will- MP+9 Slay+4}
   (You acquired it on level 3 of the Dungeon)

   [ring of protection from cold]

   Slay:      It affects your accuracy & damage with ranged weapons and melee
   (+4).
   rC:        It protects you from cold.
   rPois:     It protects you from poison.
   MP:        It affects your magic capacity (+9).
   Will:      It decreases your willpower.
 n - an amulet of the acrobat
Wands
 j - a wand of polymorph (4)
Scrolls
 h - 2 scrolls of teleportation
 m - 2 scrolls of blinking
 p - a scroll of poison
 u - a scroll of fog
Potions
 b - a potion of magic
 c - 7 potions of curing
 d - 7 potions of haste
 g - a potion of attraction {unknown}
 k - 2 potions of might {unknown}
 q - 2 potions of flight {unknown}
 r - 4 potions of resistance {unknown}
 s - 2 potions of heal wounds {unknown}
 t - a potion of ambrosia {unknown}
 v - a potion of berserk rage {unknown}
 w - a potion of brilliance {unknown}


   Skills:
 + Level 3.3 Fighting
 - Level 2.1 Dodging
 - Level 2.0 Stealth
 + Level 3.4 Spellcasting
 + Level 4.9 Conjurations
 + Level 6.3 Air Magic


You had 5 spell levels left.
You knew the following spells:

 Your Spells              Type           Power      Damage    Failure   Level
a - Shock                 Conj/Air       100%       1d9       1%          1
b - Airstrike             Air            17%        2d(3-19)  3%          4
A - Static Discharge      Conj/Air       62%        2-5/arc   1%          2

Your spell library contained the following spells:

 Spells                   Type           Power      Damage    Failure   Level
 Iskenderun's Mystic Bla  Conj/Tloc      16%        2d5       14%         4
 Swiftness                Air            34%        N/A       3%          3


Dungeon Overview and Level Annotations

Branches:
Dungeon (5/15)             Temple (0/1) D:4           Sewer (visited)

Altars:
Ru
Vehumet
Xom

Shops:
D:1 ?   D:3 !


Innate Abilities, Weirdness & Mutations

You have a beak for a mouth.
You have claws for feet.
Your magical nature lets you fly swiftly and evasively.


Message History

The orc warrior hits you from afar with a +0 trident!
Casting: Shock (safe; 1% risk of failure)
Confirm with . or Enter, or press ? or * to list all spells.
Aiming: Shock (safe; 1% risk of failure)
Press: ? - help, Shift-Dir - straight line, f/p - orc warrior
Aim: an orc warrior, wielding a +0 trident and wearing a +0 plate armour (severely wounded, 74% to hit)
The zap hits the orc warrior.
The orc warrior is almost dead.
The zap hits the orc priest.
The orc priest is moderately wounded.
The zap hits the orc.
You kill the orc!
Vehumet accepts your kill.
The orc warrior hits you from afar with a +0 trident.
Casting: Shock (safe; 1% risk of failure)
Confirm with . or Enter, or press ? or * to list all spells.
Aiming: Shock (safe; 1% risk of failure)
Press: ? - help, Shift-Dir - straight line, f/p - orc warrior
Aim: an orc warrior, wielding a +0 trident and wearing a +0 plate armour (almost dead, 74% to hit)
The zap hits the iguana but does no damage.
The iguana is almost dead.
The zap hits the orc warrior but does no damage.
The orc warrior is almost dead.
The zap hits the orc priest but does no damage.
The orc priest is moderately wounded.
The orc warrior barely misses you. The iguana closely misses you.
Casting: Shock (safe; 1% risk of failure)
Confirm with . or Enter, or press ? or * to list all spells.
Aiming: Shock (safe; 1% risk of failure)
Press: ? - help, Shift-Dir - straight line, f - orc priest, p - orc warrior
Aim: an orc priest, wielding a +0 club and wearing a +0 ring mail (moderately wounded, 77% to hit)
The zap misses the iguana.
The zap hits the orc priest.
The orc priest is severely wounded.
The zap hits the orc priest.
You kill the orc priest!
Vehumet accepts your kill.
You feel your power returning. The iguana bites you!
* * * LOW HITPOINT WARNING * * *
The orc warrior hits you from afar with a +0 trident!
You die...

##############
#..@lo.)))....
###.###)#####.##
############(......#
..........##.#>###.#
.#.##.###.##.#.##..#
.#.................#
.####..##.##.####.....
.# #†.##.##.# #..###
.####..##.##.# #


You could see an orc warrior and an iguana.

Vanquished Creatures
  A scorpion (D:4)
  A hound (D:5)
  4 jellies (Sewer)
  An orc priest (D:5)
  Terence (D:3)
  An orc wizard (D:4)
  7 adders
  2 river rats (D:4)
  2 worms
  A dart slug (D:2)
  8 orcs
  14 endoplasms
  5 giant cockroaches
  7 goblins
  5 hobgoblins
  6 quokkas
  14 ball pythons
  5 bats
  2 frilled lizards
  5 kobolds
  31 rats
123 creatures vanquished.

Notes
Turn   | Place    | Note
-------+----------+-------------------------------------------
     0 | D:1      | zishaf the Tengu Air Elementalist began the quest for the
                  | Orb.
     0 | D:1      | Reached XP level 1. HP: 10/10 MP: 4/4
   243 | D:1      | Found Kymas's Magic Scroll Boutique.
   298 | D:1      | Reached XP level 2. HP: 16/16 MP: 1/6
   311 | D:1      | Learned a level 2 spell: Static Discharge
   425 | D:1      | Found a faded altar of an unknown god.
   431 | D:1      | Prayed at the altar of an unknown god.
   431 | D:1      | Became a worshipper of Vehumet
   431 | D:1      | Reached * piety under Vehumet
   431 | D:1      | Offered knowledge of Sandblast by Vehumet.
   482 | D:1      | Reached skill level 1 in Fighting
   759 | D:2      | Found a shimmering altar of Xom.
  1125 | D:2      | Reached XP level 3. HP: 20/20 MP: 1/7
  1829 | D:2      | Noticed Terence
  2250 | D:3      | Reached XP level 4. HP: 26/26 MP: 4/8
  2303 | D:3      | Offered knowledge of Momentum Strike by Vehumet.
  2415 | D:3      | Found Yri Koun's Distillery.
  2420 | D:3      | Bought a potion of curing for 33 gold pieces
  2500 | D:3      | Killed Terence
  2501 | D:3      | Reached skill level 5 in Air Magic
  2507 | D:3      | Identified a scroll of acquirement
  2507 | D:3      | Acquired the ring "Vostuju" {rPois rC+ Will- MP+9 Slay+4}
  2701 | D:3      | Reached ** piety under Vehumet
  2928 | D:4      | Learned a level 4 spell: Airstrike
  3050 | D:4      | Gained mutation: Your magical nature lets you fly swiftly
                  | and evasively. [Tengu growth]
  3050 | D:4      | Reached XP level 5. HP: 26/30 MP: 9/9
  3077 | D:4      | Found a glowing drain.
  3083 | Sewer    | Entered a sewer
  3121 | Sewer    | Offered knowledge of Frozen Ramparts by Vehumet.
  3206 | Sewer    | Reached XP level 6. HP: 32/36 MP: 11/11
  3207 | Sewer    | Reached *** piety under Vehumet
  3286 | Sewer    | Found a viscous altar of Jiyva.
  3394 | D:4      | Reached skill level 6 in Air Magic
  3533 | D:4      | Found a staircase to the Ecumenical Temple.
  3807 | D:4      | Found a sacrificial altar of Ru.
  3819 | D:4      | Offered knowledge of Iskenderun's Mystic Blast by Vehumet.
  3947 | D:4      | Reached **** piety under Vehumet
  4095 | D:5      | Entered Level 5 of the Dungeon
  4116 | D:5      | Reached XP level 7. HP: 34/41 MP: 13/13
  4163 | D:5      | Slain by an orc warrior

Illustrated notes

Levels and vault maps discovered:
D:1:      dpeg_arrival_oval, layout_rooms, serial_shops, nicolae_diamond_shop,
          chequers_ecumenical_altar_simple_redux
D:2:      layout_loops_corners, basic_altar, uniq_terence
D:3:      layout_rooms, serial_shops, nicolae_shop_hallway_plus
D:4:      layout_loops_corners, nicolae_ru_great_annihilating_truth,
          minmay_temple_entry_tees, portal_sewer_entry_e, minmay_rat_hole
D:5:      layout_loops_ring, nrook_uturn, corexii_corridor_pit, uniq_pikel,
          uniq_menkaure

Skill      XL: |  1  2  3  4  5  6 |
---------------+-------------------+-----
Conjurations   | 2 3 4 |  4.9
Fighting       | 1 2 3 |  3.3
Air Magic      | 5 6 |  6.3
Spellcasting   | 3 |  3.4
Dodging        | |  2.1
Stealth        | |  2.0

Action                   |  1- 3 |  4- 6 |  7- 9 || total
-------------------------+-------+-------+-------++-------
Melee: Unarmed           |     8 |       |       ||     8
       Kick              |     4 |    25 |       ||    29
       Short sword       |     6 |   110 |       ||   116
       Peck              |       |    22 |       ||    22
       Punch             |       |     1 |       ||     1
 Cast: Shock             |    78 |    24 |    10 ||   112
Evoke: Wand              |       |     7 |       ||     7
  Use: Scroll            |     7 |     7 |       ||    14
 Stab: Sleeping          |       |     6 |       ||     6
       Paralysed         |       |     1 |       ||     1
Armor: Robe              |     3 |       |       ||     3
       Leather armour    |       |    22 |       ||    22
       Skin              |       |     2 |       ||     2
Dodge: Dodged            |    18 |    58 |     4 ||    80

Table legend: (Time is in decaauts)
 A = Elapsed time spent in this place.
 B = Non-inter-level travel time spent in this place.
 C = Inter-level travel time spent in this place.
 D = Time resting spent in this place.
 E = Time spent auto-exploring this place.
 F = Levels seen in this place.
 G = Mean time per level.
                   A        B        C        D        E       F      G
               +--------+--------+--------+--------+--------+-----+--------+
         Total |   4040 |   3938 |    102 |    206 |   2992 |   6 |  673.3 |
       Dungeon |   3819 |   3717 |    102 |    206 |   2889 |   5 |  763.8 |
         Sewer |    221 |    221 |      0 |      0 |    103 |   1 |  221.0 |
               +--------+--------+--------+--------+--------+-----+--------+

Top non-repeatable levels by time:
     D:2: 1285 daAuts
     D:4: 876 daAuts
     D:3: 835 daAuts
     D:1: 758 daAuts
   Sewer: 221 daAuts
     D:5: 64 daAuts
